[Event "Late-Titled-Tuesday-Blitz-April-30-2024"]
[Site "Chess.com"]
[Date "2024.04.30"]
[Round "2"]
[White "Cacriefils1984"]
[Black "GiorgianBarbosa"]
[Result "1-0"]
[WhiteElo "2370"]
[BlackElo "2533"]
[TimeControl "180+1"]
[EndTime "14:18:08 PDT"]
[Termination "Cacriefils1984 won on time"]

1. e4 c5 2. d4 d6 3. dxc5 Qa5+ 4.
Nc3 Qxc5 5. Be3 Qc7 6. Nf3 Nf6 7. h3 a6 8. Bd3 e5 9. g4 Be6 10.
g5 Nfd7 11. Nd5 Bxd5 12. exd5 b5 13. Qd2 Nc5 14. Bf1 Nbd7 15. Bg2 g6 16. h4 f5 17.
gxf6 Nxf6 18. Ng5 Nh5 19. b4 Na4 20. Ne6 Qc4 21. Bf1 Qe4 22. Rg1 Rc8 23. Bd3 Qxh4 24. Bg5 Qh2 25. O-O-O Kd7 26. Rh1 Qg2 27. Rdg1 Qxd5 28.
Nxf8+ Rhxf8 29. Bf5+ Qe6 30. Bxe6+ Kxe6 31. Rd1 Rc6 32.
Qd5+ Kd7 33. Rd2 1-0

[Event "Late-Titled-Tuesday-Blitz-April-30-2024"]
[Site "Chess.com"]
[Date "2024.04.30"]
[Round "2"]
[White "e4evr"]
[Black "cristianserban1"]
[Result "0-1"]
[WhiteElo "2221"]
[BlackElo "2499"]
[TimeControl "180+1"]
[EndTime "14:18:08 PDT"]
[Termination "cristianserban1 won by checkmate"]

1. e4 c5 2. Nf3 a6 3. c4 Nc6 4.
d4 cxd4 5. Nxd4 Nf6 6. Nc3 e5 7. Nf5 d5 8. cxd5 Bxf5 9. exf5 Nd4 10. Bg5 Be7 11. Bxf6 Bxf6 12. Bd3 O-O 13. O-O Qd7 14.
Qh5 g6 15. fxg6 hxg6 16. Ne4 Bg7 17. Qh4 f6 18. d6 b5 19. Rac1 Ne6 20. a4 f5 21. Ng5 Nxg5 22. Qxg5 Qxd6 23. Bb1 bxa4 24. Ba2+ Kh7 25. Rfd1 Qf6 26. Qg3 Rad8 27. Qh3+ Bh6 28.
Rc7+ Rf7 29. Rxf7+ Qxf7 30. Rxd8 Qxa2 31. Qf3 Qb1+ 32.
Rd1 Qxb2 33. Rd7+ Bg7 34. h4 a3 35. Qd5 a2 36. Qf7 a1=Q+ 37. Kh2 e4 38. Rd8 Qe5+ 39.
g3 Qf6 40. Qg8+ Kh6 41. Re8 Qab2 42. Kg2 e3 43. Rxe3 Qc6+ 44. Kg1 Qbc1+ 45. Kh2 Q1h1# 0-1

[Event "Late-Titled-Tuesday-Blitz-April-30-2024"]
[Site "Chess.com"]
[Date "2024.04.30"]
[Round "2"]
[White "HalfIsCrayfish"]
[Black "Arystanner"]
[Result "1-0"]
[WhiteElo "2589"]
[BlackElo "2850"]
[TimeControl "180+1"]
[EndTime "14:18:09 PDT"]
[Termination "HalfIsCrayfish won by resignation"]

1. e4 c6 2. Nc3 d5 3. Nf3 dxe4 4. Nxe4 Nf6 5. Qe2 Nxe4 6. Qxe4 Be6 7. Bc4 Bxc4 8.
Qxc4 e6 9. O-O Nd7 10. b3 Be7 11. Bb2 O-O 12. Rad1 Bf6 13. d4 Qc7 14. Rfe1 Rad8 15.
Qe2 h6 16. c4 Rfe8 17. Ne5 Nxe5 18. dxe5 Be7 19. Bc3 a6 20. Qe3 b5 21. Qe4 Rxd1 22.
Rxd1 Rd8 23. Rxd8+ Qxd8 24. Qd4 Qxd4 25. Bxd4 g5 26. g4 Kg7 27. Kg2 bxc4 28. bxc4 f5 29.
f3 Kf7 30. Kf2 Ke8 31. Ke2 Kd7 32. Kd3 Bb4 33. h3 Kc7 34. Kc2 Be1 35. Bc5 Bg3 36.
Bd6+ Kd7 37. Kc3 c5 38. Kb3 Kc6 39. Ka4 Kb6 40. Kb3 Bh2 41. Ka4 Bg3 42. Bb8 Bh2 43.
gxf5 Kc6 44. fxe6 Bf4 45. Bd6 Bd2 46. Kb3 Be1 47. Kc2 a5 48. Kd3 a4 49. Ke4 g4 50. fxg4 1-0

[Event "Late-Titled-Tuesday-Blitz-April-30-2024"]
[Site "Chess.com"]
[Date "2024.04.30"]
[Round "2"]
[White "Rodalquilar"]
[Black "H3nriqueTV"]
[Result "1-0"]
[WhiteElo "2710"]
[BlackElo "2434"]
[TimeControl "180+1"]
[EndTime "14:18:10 PDT"]
[Termination "Rodalquilar won by resignation"]

1. d4 Nf6 2. Nf3 g6 3. Bf4 Bg7 4. e3 O-O 5. Be2 c5 6. c3 d5 7. O-O Nc6 8. Nbd2 Nh5 9. Bg5 b6 10. Qb3 Na5 11. Qa3 cxd4 12. cxd4 Nf6 13. Rac1 Be6 14.
Ne5 Rc8 15. b4 Nc4 16. Ndxc4 dxc4 17. b5 c3 18. Nc6 Qd7 19. Nxe7+ Kh8 20. Nxc8 Rxc8 21.
Bxf6 Bxf6 22. Rxc3 Rd8 23. Rfc1 Kg7 24. Rc7 Qd5 25.
Bc4 Qf5 26. Bxe6 Qxe6 27. R1c6 Qe4 28. Qb3 Rf8 29. h3 h5 30. Rxa7 Bg5 31. Re6 Qf5 32. Re5 Qf6 33. f4 Bh4 34. Qd5 Rd8 35. Qc6 Rd6 36.
Qc7 Re6 37. Rxe6 Qxe6 38. Qe5+ Qxe5 39. fxe5 Be1 40. e6 1-0

[Event "Late-Titled-Tuesday-Blitz-April-30-2024"]
[Site "Chess.com"]
[Date "2024.04.30"]
[Round "2"]
[White "ChessFighter1975"]
[Black "HamedWafa4"]
[Result "0-1"]
[WhiteElo "2405"]
[BlackElo "2725"]
[TimeControl "180+1"]
[EndTime "14:18:10 PDT"]
[Termination "HamedWafa4 won by checkmate"]

1. d4 Nf6 2. c4 e6 3. Bg5 h6 4. Bh4 c5 5. d5 exd5 6. cxd5 d6 7. Nc3 Be7 8. Bg3 Nh5 9. e4 Nxg3 10. hxg3 a6 11.
a4 Nd7 12. f4 Nf6 13. e5 Ng4 14. Nf3 Qb6 15. Qd2 Bf5 16. a5 Qc7 17. Qe2 O-O 18.
Nh4 Bxh4 19. Rxh4 dxe5 20. Rxg4 Rae8 21. O-O-O exf4 22. Qf3 Qxa5 23. Bd3 Re3 24. Qxf4 Rxd3 25. Qxf5 Qa1+ 26. Kc2 Rxd1 27. Nxd1 Re8 28. Re4 Rd8 29.
Nc3 Qg1 30. Qf3 b5 31. Re7 Rf8 32. d6 b4 33. Nd5 c4 34. Nxb4 Qc5 35. Nd5 Qxd6 36.
Qe4 Qc6 37. Rc7 Qa4+ 38. Kc1 Rd8 39. Ne7+ Kh8 40. Rc8 Qd1# 0-1

[Event "Late-Titled-Tuesday-Blitz-April-30-2024"]
[Site "Chess.com"]
[Date "2024.04.30"]
[Round "2"]
[White "Romadk"]
[Black "hammahamma"]
[Result "1-0"]
[WhiteElo "2516"]
[BlackElo "2285"]
[TimeControl "180+1"]
[EndTime "14:18:10 PDT"]
[Termination "Romadk won by resignation"]

1. d4 d5 2. Nf3 Nf6 3. g3 Bf5 4.
Bg2 c6 5. c4 e6 6. Nc3 Be7 7.
Qb3 Qb6 8. c5 Qxb3 9. axb3 Nbd7 10. b4 O-O 11. b5 Rfc8 12. bxc6 bxc6 13. h3 h6 14. g4 Bh7 15. Bf4 Ne4 16. O-O Bd8 17. Ra6 Bc7 18. Bxc7 Rxc7 19. Rfa1 Nb8 20. R6a5 Rb7 21. R1a2 a6 22. Ne5 Nxc3 23. bxc3 f6 24. Nf3 e5 25. dxe5 fxe5 26. Nxe5 Rb1+ 27. Kh2 Rc1 28.
Nxc6 Nxc6 29. Bxd5+ Kf8 30. Bxc6 Rc8 31. Rxa6 Rxc3 32.
Ra8 Rxa8 33. Rxa8+ Ke7 34. Ra7+ Kf6 35. Ra5 Bg8 36.
Bf3 Be6 37. c6 Ke7 38. Ra7+ Kf6 39. Kg3 g5 40. Ra8 Kg6 41. Re8 Kf7 42. Rh8 Kg7 43.
Rd8 Kf7 44. Kg2 Ke7 45. Rh8 1-0

[Event "Late-Titled-Tuesday-Blitz-April-30-2024"]
[Site "Chess.com"]
[Date "2024.04.30"]
[Round "2"]
[White "yaguigor"]
[Black "Davidalhesa2007"]
[Result "1-0"]
[WhiteElo "2571"]
[BlackElo "1898"]
[TimeControl "180+1"]
[EndTime "14:18:12 PDT"]
[Termination "yaguigor won by resignation"]

1. Nf3 Nf6 2. c4 e6 3. Nc3 d5 4. d4 Be7 5. Bg5 h6 6. Bxf6 Bxf6 7. e3 O-O 8. Qb3 c6 9. Be2 Nd7 10. O-O Qc7 11. e4 dxe4 12. Nxe4 Be7 13. Rad1 Nf6 14. Bd3 Nxe4 15. Bxe4 c5 16. d5 exd5 17. Bxd5 Bf5 18. Rfe1 Bf6 19. h3 Rab8 20. Be4 Bxe4 21. Rxe4 b6 22. Qc2 Rbd8 23. b3 Rxd1+ 24. Qxd1 Rd8 25. Qe2 Qd6 26. Re8+ Rxe8 27. Qxe8+ Kh7 28. Qxf7 Qd1+ 29. Kh2 Qe2 30. Qxa7 Qxf2 31. Qxb6 Be5+ 32. Nxe5 Qf4+ 33. Kg1 Qxe5 34. Qa5 Qe3+ 35. Kf1 Qf4+ 36. Ke2 Qe4+ 37. Kd1 Qd4+ 38. Qd2 Qg1+ 39. Kc2 Qf1 40. Qd3+ Qxd3+ 41. Kxd3 1-0

[Event "Late-Titled-Tuesday-Blitz-April-30-2024"]
[Site "Chess.com"]
[Date "2024.04.30"]
[Round "2"]
[White "rionelG"]
[Black "WilsonPalencia21"]
[Result "0-1"]
[WhiteElo "2283"]
[BlackElo "2512"]
[TimeControl "180+1"]
[EndTime "14:18:14 PDT"]
[Termination "WilsonPalencia21 won by resignation"]

1. e4 c5 2. g3 g6 3. Bg2 Bg7 4. Ne2 Nc6 5. c3 e5 6. d3 Nge7 7. Be3 d6 8. O-O O-O 9. f4 f5 10. fxe5 Nxe5 11. Nd2 Nxd3 12. Nc4 Ne5 13. Nxd6 Qc7 14.
Qb3+ Kh8 15. Rad1 Rb8 16. exf5 Nxf5 17. Nxf5 Bxf5 18. Nf4 Ng4 19. Bc1 c4 20. Qb4 b5 21.
Qd6 Qxd6 22. Rxd6 Ne5 23. h3 Nd3 24. Nxd3 Bxd3 25. Rxf8+ Rxf8 26. Bf4 b4 27. Bd2 bxc3 28. Bxc3 Bxc3 29. bxc3 Rb8 30. Ra6 Rb1+ 31. Kf2 Rc1 32. g4 Rxc3 33. g5 Rc2+ 34. Kg3 c3 35. Bd5 Bxa6 0-1

[Event "Late-Titled-Tuesday-Blitz-April-30-2024"]
[Site "Chess.com"]
[Date "2024.04.30"]
[Round "2"]
[White "AlexPapasimakopoulos"]
[Black "mishanick"]
[Result "0-1"]
[WhiteElo "2641"]
[BlackElo "3103"]
[TimeControl "180+1"]
[EndTime "14:18:16 PDT"]
[Termination "mishanick won by resignation"]

1. d4 Nf6 2. c4 e6 3. Nc3 d5 4.
cxd5 exd5 5. Bg5 c6 6. e3 Be7 7. Bd3 Nbd7 8. Qc2 Nh5 9. Bxe7 Qxe7 10. Nge2 Nb6 11. Na4 Nxa4 12. Qxa4 O-O 13. O-O Bg4 14. Qc2 Bxe2 15. Qxe2 g6 16. Rab1 Rfe8 17. b4 a6 18. a4 b5 19. Qc2 Qd7 20. Rfc1 Re6 21. Ra1 Qe8 22. axb5 axb5 23. Rxa8 Qxa8 24. Qb2 Nf6 25. Ra1 Qb8 26. Qa3 Kg7 27. Qa7 Qd6 28. Qc5 Qxc5 29. dxc5 Nd7 30. Kf1 Ne5 31. Be2 Nc4 32.
Bxc4 dxc4 33. Ke2 g5 34. h3 h5 35. g4 h4 36. Ra7 Kg6 37. Rc7 f5 38. gxf5+ Kxf5 39. f3 Rf6 40. Rc8 Rg6 41. Rf8+ Ke6 42. Rd8 Ke7 43.
Rc8 Kd7 44. Rf8 Rg7 45. e4 Kc7 46. Rf5 Kc8 47. Rf6 Kd7 48. Rf5 Ke6 49. Kf2 c3 50.
Ke2 Rd7 51. Rxg5 Rd4 52. Rg6+ Kf7 53. Rg1 Rxb4 54. Rc1 Rb2+ 55. Kd3 b4 56. f4 Kf6 57. Kd4 c2 58. Kd3 b3 59. Kd2 Rb1 0-1

[Event "Late-Titled-Tuesday-Blitz-April-30-2024"]
[Site "Chess.com"]
[Date "2024.04.30"]
[Round "2"]
[White "WildTricks"]
[Black "chigorin28"]
[Result "0-1"]
[WhiteElo "2701"]
[BlackElo "2483"]
[TimeControl "180+1"]
[EndTime "14:18:16 PDT"]
[Termination "chigorin28 won by checkmate"]

1. e4 c5 2. Nf3 d6 3. d4 cxd4 4. Qxd4 Nc6 5. Bb5 Bd7 6. Qd3 Nf6 7. c4 a6 8. Bxc6 Bxc6 9. Nc3 g6 10. O-O Bg7 11.
Nd4 O-O 12. h3 Rc8 13. Be3 Nd7 14. Rac1 Nc5 15. Qb1 Ne6 16. Nxe6 fxe6 17. b4 b5 18. Qb3 bxc4 19. Qxc4 d5 20. Qxa6 d4 21. Rfd1 e5 22.
Bg5 Qd7 23. Nd5 Bxd5 24. Rxc8 Rxc8 25. exd5 Rc2 26. Qa8+ Kf7 27. a4 Qf5 28. Bh4 e4 29. Qb7 g5 30. Bg3 e3 31. fxe3 Qe4 32. Rf1+ Bf6 33.
Rf2 Rxf2 34. Bxf2 dxe3 35. Be1 e2 36. Qb5 Bd4+ 37. Kh1 Qe3 38. Kh2 Qg1+ 39. Kg3 Qxe1+ 40. Kg4 Qh4+ 41. Kf5 Qf4# 0-1

[Event "Late-Titled-Tuesday-Blitz-April-30-2024"]
[Site "Chess.com"]
[Date "2024.04.30"]
[Round "2"]
[White "PapaieDudu"]
[Black "LeninGuerra"]
[Result "0-1"]
[WhiteElo "2391"]
[BlackElo "2662"]
[TimeControl "180+1"]
[EndTime "14:18:16 PDT"]
[Termination "LeninGuerra won by resignation"]

1. Nf3 c5 2. e3 e6 3. d4 Nf6 4. c4 Be7 5. Nc3 O-O 6. Bd3 b6 7. O-O Bb7 8. Qe2 a6 9. Rd1 d6 10. e4 Nbd7 11. e5 dxe5 12. dxe5 Ne8 13. Bf4 Qc7 14.
Bxh7+ Kxh7 15. Qd3+ Kg8 16. Qxd7 Bc6 17. Qd3 Qb7 18.
Qe3 g6 19. Bg5 Ng7 20. Bf6 Nf5 21. Qf4 Bxf3 22. gxf3 Bxf6 23. exf6 Kh7 24. Ne4 Rh8 25. Rd3 Nd4 26. Kf1 Kg8 27. b4 Rh5 28. Rb1 e5 29. Qg3 Qc8 30. bxc5 bxc5 31. h4 Qe6 32. Nxc5 Qxc4 33. Kg2 Qxc5 34. Rbd1 Qc6 35. Rxd4 exd4 36. Rxd4 Qxf6 37. Rg4 Re8 38. Rf4 Qe5 39. Qg4 Re6 40. Qg3 Qa1 41. Rg4 Rd5 42. Rg5 Rxg5 43. Qxg5 Qf6 44. f4 Qxg5+ 0-1

[Event "Late-Titled-Tuesday-Blitz-April-30-2024"]
[Site "Chess.com"]
[Date "2024.04.30"]
[Round "2"]
[White "ArmanGhevondyanchess"]
[Black "Hirna2005"]
[Result "0-1"]
[WhiteElo "2523"]
[BlackElo "2356"]
[TimeControl "180+1"]
[EndTime "14:18:16 PDT"]
[Termination "Hirna2005 won by checkmate"]

1. Nf3 g6 2. d4 Bg7 3. Nc3 d6 4. e4 a6 5. a4 Nc6 6. Be3 Bg4 7. h3 Bxf3 8. gxf3 e5 9. d5 Nce7 10. h4 f5 11. h5 gxh5 12. f4 Nf6 13. Be2 exf4 14. Bxh5+ Ng6 15. exf5 fxe3 16. fxg6 exf2+ 17. Kf1 O-O 18. gxh7+ Kh8 19. Qd3 Nxh5 20. Rxh5 Qf6 21. Ne4 Qg6 22. Rh1 Qf5 23. Ng3 Qe5 24. Rh5 Qxb2 25.
Rd1 Rae8 26. Ne4 Rf4 27. Ng3 Qb4 28. Kg2 Qxa4 29. Qg6 Ref8 30. Rg5 R8f7 31. Nh5 Qe4+ 32. Qxe4 Rxe4 33. Rf1 Bd4 34. Rh1 f1=Q+ 35. Rxf1 Re2+ 36. Kg3 Rxf1 37. Kg4 Rg2+ 38. Ng3 Rfg1 39. Kh5 Rxg3 40. Kh6 Rxg5 41. c3 R5g2 42. cxd4 Rh2# 0-1

[Event "Late-Titled-Tuesday-Blitz-April-30-2024"]
[Site "Chess.com"]
[Date "2024.04.30"]
[Round "2"]
[White "ganzy"]
[Black "HandKnit"]
[Result "0-1"]
[WhiteElo "2280"]
[BlackElo "2511"]
[TimeControl "180+1"]
[EndTime "14:18:17 PDT"]
[Termination "HandKnit won by checkmate"]

1. e4 c5 2. Nf3 e6 3. d4 cxd4 4. Nxd4 a6 5. Nc3 b5 6. Bd3 Bb7 7. O-O Nc6 8. Be3 Nxd4 9. Bxd4 Ne7 10.
f4 Nc6 11. Be3 Bb4 12. Qg4 Kf8 13. Qg3 h5 14. Rad1 Qe7 15. f5 e5 16. Nd5 Qd6 17. f6 g6 18. Nb6 h4 19. Qf2 Rd8 20. a3 Nd4 21. Na4 bxa4 22. axb4 Qc6 23. Bxd4 exd4 24.
Qxd4 h3 25. Qe5 Re8 26. Qc5+ Kg8 27. g3 Qe6 28. Rf4 Rh5 29. Qc7 Bc6 30. Qb6 Qa2 31. Qxa6 Qxb2 32. Qc4 Rhe5 33. Rg4 R5e6 34. Rf1 Rxf6 35.
Rxf6 Qxf6 36. e5 Qxe5 37. Rxg6+ Kf8 38. Rg4 Qe3+ 39. Kf1 Qe1# 0-1

[Event "Late-Titled-Tuesday-Blitz-April-30-2024"]
[Site "Chess.com"]
[Date "2024.04.30"]
[Round "2"]
[White "alexrustemov"]
[Black "Mackster23"]
[Result "0-1"]
[WhiteElo "2892"]
[BlackElo "2600"]
[TimeControl "180+1"]
[EndTime "14:18:18 PDT"]
[Termination "Mackster23 won by checkmate"]

1. d4 Nf6 2. c4 e6 3. Nf3 d5 4.
cxd5 exd5 5. Nc3 c6 6. Bf4 Bf5 7. e3 Nbd7 8. h3 Be7 9. Nh4 Be6 10. Bd3 Ne4 11. Nf3 f5 12. Ne5 Qa5 13. Qc2 Bb4 14.
O-O Nxe5 15. Bxe5 O-O 16. Ne2 Rae8 17. a3 Bd6 18. b4 Qc7 19. Bxd6 Nxd6 20. Rac1 Qe7 21. a4 Bd7 22. Rce1 Ne4 23. Qb2 g5 24. Bc2 Nd2 25. Bxf5 Nc4 26. Bxh7+ Qxh7 27. Qc3 Nd6 28. f3 Re7 29. Ng3 Rfe8 30. Re2 Qh4 31. Kh2 Nf5 32.
Nxf5 Bxf5 33. Rfe1 Rh7 34. Kg1 Qg3 35. Kf1 Rxh3 36.
Rf2 Rh2 37. Qc5 Bd3+ 38. Kg1 Qh4 39. Rd2 Rh1# 0-1

[Event "Late-Titled-Tuesday-Blitz-April-30-2024"]
[Site "Chess.com"]
[Date "2024.04.30"]
[Round "2"]
[White "Statham_01"]
[Black "baki83"]
[Result "0-1"]
[WhiteElo "2584"]
[BlackElo "2905"]
[TimeControl "180+1"]
[EndTime "14:18:18 PDT"]
[Termination "baki83 won by checkmate"]

1. e4 c5 2. a3 e5 3. Nf3 Nc6 4. Bc4 g6 5. d3 Bg7 6. h4 h6 7. Be3 d6 8. h5 g5 9. Nc3 Bg4 10. Qd2 Nf6 11. Nd5 Nxh5 12. Nxg5 hxg5 13. Bxg5 f6 14.
f3 fxg5 15. fxg4 Nf4 16. O-O-O Qd7 17. Rxh8+ Bxh8 18. Rh1 O-O-O 19. Rh6 Qxg4 20. Kb1 Kb8 21. Bb5 Nxd5 22. Bxc6 Nc7 23. Bd5 Nxd5 24. exd5 Qf4 25.
Qa5 b6 26. Qa6 Qf1+ 27. Ka2 Qf7 28. Qb5 Qxd5+ 29. c4 Qb7 30. g4 e4 31. dxe4 Be5 32.
Rg6 Bf4 33. Rf6 a6 34. Qb3 Ka7 35. Qd3 Rd7 36. Rf8 Be5 37. Rg8 Rg7 38. Rf8 Rf7 39. Rg8 Rf2 40. Kb3 Rxb2+ 41. Ka4 Qc6# 0-1

[Event "Late-Titled-Tuesday-Blitz-April-30-2024"]
[Site "Chess.com"]
[Date "2024.04.30"]
[Round "2"]
[White "Aalessia"]
[Black "albi1999"]
[Result "0-1"]
[WhiteElo "2381"]
[BlackElo "2646"]
[TimeControl "180+1"]
[EndTime "14:18:18 PDT"]
[Termination "albi1999 won by resignation"]

1. c4 Nf6 2. Nc3 e6 3. Nf3 Bb4 4. Qc2 c5 5. d4 cxd4 6. Nxd4 O-O 7. Bd2 Nc6 8. Nxc6 bxc6 9. e4 d5 10. cxd5 exd5 11. e5 Re8 12. f4 d4 13. Ne4 Bxd2+ 14.
Nxd2 Nd5 15. Qe4 Ne3 16. Bd3 Bf5 17. Qxf5 Nxf5 18. Bxf5 Rb8 19. b3 Qa5 20. Ke2 f6 21. Nc4 Qd5 22. g4 fxe5 23. fxe5 d3+ 24. Bxd3 Rbd8 25. Rad1 Qg2+ 26. Ke3 Rd5 27. Be4 Qh3+ 28. Bf3 Rf8 29. Rdf1 Qh6+ 30. Ke2 Rdd8 31. h4 Qe6 32. g5 Rf4 33. Ke3 Rdf8 34. h5 Qe7 35. g6 Qg5 36. gxh7+ Kh8 37. Ke2 Rxf3 38. Rhg1 Qxh5 39. Rxf3 Qxf3+ 0-1

[Event "Late-Titled-Tuesday-Blitz-April-30-2024"]
[Site "Chess.com"]
[Date "2024.04.30"]
[Round "2"]
[White "Vincefm"]
[Black "Sergey_70"]
[Result "1-0"]
[WhiteElo "2327"]
[BlackElo "2491"]
[TimeControl "180+1"]
[EndTime "14:18:18 PDT"]
[Termination "Vincefm won on time"]

1. e4 c5 2. Nf3 Nc6 3. d4 cxd4 4.
Nxd4 Nf6 5. Nc3 d6 6. Bg5 Bd7 7.
Qd2 Rc8 8. O-O-O Nxd4 9. Qxd4 Qa5 10. Bxf6 gxf6 11. Kb1 Rg8 12. f4 f5 13. e5 Bg7 14.
Bc4 Qc5 15. Bb3 Qxd4 16. Rxd4 Bc6 17. Re1 Bxg2 18. Rd2 Be4 19. e6 fxe6 20. Nxe4 fxe4 21. Bxe6 e3 22. Rxe3 Bd4 23. Re1 Be3 24. Rde2 Bxf4 25.
Bxg8 e5 26. Bxh7 Rc7 27. Be4 Rg7 28. b3 b5 29. Kb2 Kd7 30. Bd5 Rh7 31. Rg2 1-0

[Event "Late-Titled-Tuesday-Blitz-April-30-2024"]
[Site "Chess.com"]
[Date "2024.04.30"]
[Round "2"]
[White "katharinareinecke"]
[Black "nicolasbatista3"]
[Result "0-1"]
[WhiteElo "2046"]
[BlackElo "2445"]
[TimeControl "180+1"]
[EndTime "14:18:18 PDT"]
[Termination "nicolasbatista3 won on time"]

1. e4 c6 2. Nf3 d5 3. d3 Bg4 4. h3 Bh5 5. Qe2 e6 6. g3 Nf6 7. Bg2 Be7 8. O-O O-O 9. Bf4 Qb6 10. b3 Na6 11. c4 dxe4 12. dxe4 Nc5 13. Nc3 Rad8 14.
Rad1 Qa5 15. Bd2 Qa3 16. e5 Nfd7 17. g4 Bg6 18. Bc1 Qb4 19. Bb2 Qb6 20. Rd2 Qc7 21. Rfd1 Nb6 22. Ne1 Rxd2 23. Rxd2 Bg5 24. Rd1 Ncd7 25.
Ne4 Bf4 26. Nd6 Nc8 27. Nxc8 Qxc8 28. Nd3 Bxd3 29. Qxd3 Nxe5 30. Bxe5 Bxe5 31. Be4 h6 32. Qd7 Qb8 33. Kg2 Bf6 34. f3 Rd8 0-1

[Event "Late-Titled-Tuesday-Blitz-April-30-2024"]
[Site "Chess.com"]
[Date "2024.04.30"]
[Round "2"]
[White "Blampman"]
[Black "GalaxyRoman"]
[Result "1-0"]
[WhiteElo "2434"]
[BlackElo "2753"]
[TimeControl "180+1"]
[EndTime "14:18:19 PDT"]
[Termination "Blampman won by checkmate"]

1. d4 Nf6 2. c4 e6 3. Nc3 Bb4 4. a3 Bxc3+ 5. bxc3 Nc6 6. f3 b6 7. e4 Ba6 8. Bd3 Na5 9. Qe2 d6 10. Nh3 e5 11. Be3 c5 12. d5 Qd7 13. a4 h6 14. Nf2 g5 15. h4 O-O-O 16. hxg5 hxg5 17. Rxh8 Rxh8 18. Bxg5 Nh5 19. Kd1 Ng3 20. Qa2 Rh2 21. Ng4 Rh1+ 22. Kc2 Rxa1 23. Qxa1 Nh5 24. Ne3 f6 25. Bh4 Nf4 26. Bxf6 Qh7 27. Qe1 Qd7 28. Qa1 Qh7 29. Qe1 Qg6 30. Qh4 Nxg2 31. Qh8+ Kb7 32.
Nf5 Ne1+ 33. Kd1 Bxc4 34. Nxd6+ Ka6 35. Qc8+ Nb7 36. Qxb7+ Ka5 37. Qxa7+ Ba6 38. Qxa6# 1-0

[Event "Late-Titled-Tuesday-Blitz-April-30-2024"]
[Site "Chess.com"]
[Date "2024.04.30"]
[Round "2"]
[White "TheMagician"]
[Black "lcmil"]
[Result "0-1"]
[WhiteElo "2119"]
[BlackElo "2455"]
[TimeControl "180+1"]
[EndTime "14:18:19 PDT"]
[Termination "lcmil won by resignation"]

1. d4 Nf6 2. c4 g6 3. Nc3 Bg7 4. e4 d6 5. f3 O-O 6. Be3 a6 7. Qd2 Nbd7 8. Nge2 e5 9. d5 h5 10. g3 Rb8 11. h3 b5 12. g4 bxc4 13. Ng3 Nb6 14. Bg5 hxg4 15. hxg4 c6 16. Qh2 Re8 17.
Bh6 Bh8 18. dxc6 d5 19. Bg5 Bg7 20. exd5 Nbxd5 21. Nge4 Qa5 22. O-O-O Be6 23. Nxd5 Nxd5 24. Bxc4 Rec8 25. Rxd5 Bxd5 26. Nf6+ Kf8 27. Nxd5 Rxc6 28. Qh8+ Bxh8 29. Rxh8+ Kg7 30. Bf6+ Rxf6 31. Rxb8 Rxf3 32.
Kc2 Qc5 33. b3 Qf2+ 34. Kb1 Rg3 0-1

[Event "Late-Titled-Tuesday-Blitz-April-30-2024"]
[Site "Chess.com"]
[Date "2024.04.30"]
[Round "2"]
[White "pedroholly22"]
[Black "Iuckyducky"]
[Result "1/2-1/2"]
[WhiteElo "2477"]
[BlackElo "2220"]
[TimeControl "180+1"]
[EndTime "14:18:21 PDT"]
[Termination "Game drawn by repetition"]

1. Nf3 Nf6 2. d4 g6 3. g3 Bg7 4.
Bg2 d5 5. O-O O-O 6. b3 c5 7. Bb2 Nc6 8. Nbd2 b6 9. e3 Bb7 10. Re1 Ne4 11. Nxe4 dxe4 12. Ng5 cxd4 13. exd4 Nxd4 14. Nxe4 Nf3+ 15. Qxf3 Bxb2 16. Rad1 Qc7 17. c4 Rad8 18. Nf6+ Bxf6 19. Qxb7 Qxb7 20. Bxb7 e6 21.
b4 Bc3 22. Rxd8 Rxd8 23. Rb1 Kf8 24. c5 Ke8 25. c6 Be5 26. Re1 Bc7 27. Re2 Rd1+ 28.
Kg2 Ke7 29. a4 Rd4 30. b5 Rxa4 31. Rd2 Bd6 32. Bc8 Rc4 33. Bb7 Rc5 34. Ra2 Rxb5 35. Rxa7 Kf6 36. Bc8 Rc5 37. Bd7 Ke5 38. Be8 f5 39.
Rxh7 g5 40. Rb7 Rc2 41. Rxb6 Rxf2+ 42. Kxf2 Bc5+ 43. Kf3 Bxb6 44. Bd7 Bc7 45. h4 gxh4 46. gxh4 Kf6 47. h5 e5 48. h6 e4+ 49. Ke2 Kg6 50. Bxf5+ Kxh6 51. Bxe4 Kg7 52. Kd3 Kf6 53. Kc4 Ke7 54. Kd5 Kd8 55. Bf5 Bh2 56. Kc4 Bc7 57. Kb5 Bh2 58. Ka6 Kc7 59. Kb5 Bg3 60. Be4 Bh2 61.
Bf3 Bg3 62. Be4 Bh2 63. Bf3 Bg3 64. Be4 1/2-1/2

[Event "Late-Titled-Tuesday-Blitz-April-30-2024"]
[Site "Chess.com"]
[Date "2024.04.30"]
[Round "2"]
[White "Jakhongir-Vakhidov"]
[Black "Akhayan"]
[Result "1-0"]
[WhiteElo "2726"]
[BlackElo "2466"]
[TimeControl "180+1"]
[EndTime "14:18:22 PDT"]
[Termination "Jakhongir-Vakhidov won by resignation"]

1. c4 e5 2. Nc3 Nf6 3. Nf3 Nc6 4. e4 Bb4 5. d3 O-O 6. a3 Bxc3+ 7. bxc3 d6 8. g3 Nd7 9. Bg2 h6 10. O-O Qe7 11. Nh4 Nc5 12. Be3 Ne6 13. Nf5 Qf6 14. Qd2 Kh7 15. f4 exf4 16. gxf4 g6 17. Ng3 Ng7 18.
f5 Ne5 19. Qe2 g5 20. d4 Nc6 21. e5 dxe5 22. d5 Na5 23. c5 Qa6 24. Qxa6 bxa6 25. f6 Ne8 26. Be4+ Kh8 27. Bd3 Rb8 28. Ne4 Bh3 29. Rf3 Bg4 30. Rf2 Rd8 31. c4 c6 32.
d6 Be6 33. Rc1 Rb8 34. Bd2 Nb3 35. Rb1 a5 36. Bxa5 Nxf6 37. Bc7 Nxe4 38. Bxe4 Rb7 39. Bxc6 1-0

[Event "Late-Titled-Tuesday-Blitz-April-30-2024"]
[Site "Chess.com"]
[Date "2024.04.30"]
[Round "2"]
[White "Byniolus"]
[Black "Slovineanu"]
[Result "1-0"]
[WhiteElo "2831"]
[BlackElo "2470"]
[TimeControl "180+1"]
[EndTime "14:18:22 PDT"]
[Termination "Byniolus won by resignation"]

1. d4 Nf6 2. Nf3 d5 3. Bf4 e6 4. e3 c5 5. c3 Bd6 6. Bg3 Qc7 7. Nbd2 Nbd7 8. Be2 O-O 9. c4 e5 10. dxe5 Nxe5 11.
cxd5 Bf5 12. Bxe5 Bxe5 13. Nc4 Bd6 14. Qb3 Rad8 15. Rd1 Be4 16. Nxd6 Rxd6 17. O-O Bxd5 18. Qa4 b6 19. a3 Rfd8 20. h3 h6 21. Rc1 Qd7 22.
Qxd7 R6xd7 23. b4 cxb4 24. axb4 a5 25. b5 a4 26. Rc3 Bb3 27. Nd4 Nd5 28. Rc6 Ra7 29.
Bf3 a3 30. Nxb3 a2 31. Ra1 Nb4 32. Rcc1 Rd3 33. Nd4 Rd2 34. Nc6 Ra3 35. Nxb4 1-0

[Event "Late-Titled-Tuesday-Blitz-April-30-2024"]
[Site "Chess.com"]
[Date "2024.04.30"]
[Round "2"]
[White "ALBERT_KLOC"]
[Black "shirovin"]
[Result "1-0"]
[WhiteElo "2454"]
[BlackElo "2059"]
[TimeControl "180+1"]
[EndTime "14:18:22 PDT"]
[Termination "ALBERT_KLOC won by checkmate"]

1. c4 e5 2. d3 Nc6 3. Nc3 Bc5 4. g3 a5 5. Bg2 d6 6. e3 h5 7. Nf3 Nge7 8. O-O Ng6 9. d4 Ba7 10.
dxe5 Ngxe5 11. Nxe5 Nxe5 12. h3 Qf6 13. Nd5 Qd8 14.
b3 c6 15. Nf4 g5 16. Nxh5 g4 17. Nf4 gxh3 18. Be4 f5 19. Bf3 Bd7 20. Bh5+ Nf7 21.
Bb2 Rg8 22. Bxf7+ Kxf7 23. Qh5+ Ke7 24. Qh7+ Kf8 25. Ng6+ Rxg6 26. Qxg6 Qe7 27. Rad1 d5 28. cxd5 Be8 29. Qh6+ Kf7 30. d6 Qf8 31. Qh7+ Ke6 32.
d7 Bf7 33. Bg7 Qg8 34. Qh6+ Ke7 35. Bf6+ Ke6 36. Bg7+ Ke7 37. Qf6# 1-0

[Event "Late-Titled-Tuesday-Blitz-April-30-2024"]
[Site "Chess.com"]
[Date "2024.04.30"]
[Round "2"]
[White "SpeedofLight0"]
[Black "Mikhail_Golubev"]
[Result "1-0"]
[WhiteElo "3029"]
[BlackElo "2626"]
[TimeControl "180+1"]
[EndTime "14:18:23 PDT"]
[Termination "SpeedofLight0 won on time"]

1. d4 Nf6 2. Nc3 e6 3. Bf4 Bb4 4. e3 c5 5. Bd3 Nd5 6. Ne2 Nxf4 7.
Nxf4 cxd4 8. exd4 d5 9. O-O Nc6 10. Qg4 Qf6 11. Nce2 O-O 12. Nh5 Qh6 13. Qf3 e5 14. dxe5 Nxe5 15. Qxd5 Nxd3 16. cxd3 Be6 17. Qf3 Rad8 18. Nhf4 Bd6 19. h3 Bc8 20. Nd5 Be6 21.
Ne3 Rfe8 22. d4 b6 23. Rac1 g6 24. Rc3 Qg7 25. Rd1 h5 26. d5 Bd7 27. Nd4 Be5 28.
Rcd3 Rc8 29. b3 Rc5 30. Nc6 Bxc6 31. dxc6 Qf8 32. Rd7 Re7 33. Nd5 Re8 34. b4 Rd8 35. bxc5 1-0